 Dungeon Crawl Stone Soup version 0.23.1 (webtiles) character file.

Game seed: 8522724085402996222

739 Borgoz the Skirmisher (level 7, 0/61 HPs)
             Began as a Ghoul Monk on Mar 15, 2019.
             Killed by divine providence
             ... invoked by an orc priest
              (11 damage)
             ... on level 4 of the Dungeon.
             The game lasted 00:07:47 (3351 turns).

Borgoz the Skirmisher (Ghoul Monk)                  Turns: 3351, Time: 00:07:48

Health: 0/61       AC: 13    Str: 15 (18) XL:     7   Next: 75%
Magic:  6/6        EV:  7    Int:  4 (5)  God:
Gold:   195        SH:  0    Dex: 10 (13) Spells: 6/6 levels left

rFire    . . .     SeeInvis .   a - +2 rapier (drain)
rCold    + . .     Gourm    .   (no shield)
rNeg     + + +     Faith    .   r - +0 shadow dragon scales
rPois    ∞         Spirit   .   l - +0 helmet
rElec    .         Reflect  .   f - +0 cloak
rCorr    .         Harm     .   (no gloves)
MR       .....                  (no boots)
Stlth    ++++......             (no amulet)
HPRegen  0.00/turn              i - +3 ring of strength
MPRegen  0.10/turn              (no ring)

@: flying, rotting
A: rotting body, claws 1, carnivore, cold resistance 1, negative energy
resistance 3, inhibited regeneration, torment resistance, unbreathing
a: no special abilities


You were on level 4 of the Dungeon.
You were not hungry.

You visited 1 branch of the dungeon, and saw 4 of its levels.

You collected 195 gold pieces.

Inventory:

Hand Weapons
 a - a +2 rapier of draining (weapon)
 b - a +1 dagger of venom
 d - a +2 quarterstaff of chaos
Missiles
 s - 16 poisoned needles
Armour
 f - a +0 cloak (worn)
 j - a +1 ring mail
 l - a +0 helmet (worn)
 r - +0 shadow dragon scales (worn)
Jewellery
 i - a +3 ring of strength (left claw)
Scrolls
 e - 3 scrolls of teleportation
 k - a scroll of enchant armour
 m - a scroll of enchant weapon {unknown}
 t - a scroll of fear {unknown}
Potions
 h - 2 potions of degeneration
 n - a potion of heal wounds {unknown}
 o - a potion of agility
 p - a potion of invisibility {unknown}
Comestibles
 c - 7 rations
 g - 4 chunks of flesh


   Skills:
 + Level 5.2 Fighting
 + Level 4.2 Short Blades
 + Level 3.0 Armour
 + Level 4.3 Dodging
 + Level 4.9 Stealth


You had 6 spell levels left.
You didn't know any spells.
Your spell library contained the following spells:

 Spells                   Type           Power        Failure   Level  Hunger
 Flame Tongue             Conj/Fire      #....        100%        1    ##.....
 Sticks to Snakes         Tmut           #.......     100%        2    ###....
 Throw Flame              Conj/Fire      #.....       100%        2    ###....
 Conjure Flame            Conj/Fire      #.......     100%        3    ####...
 Inner Flame              Hex/Fire       #.......     100%        3    ####...
 Sticky Flame             Conj/Fire      #.......     100%        4    #####..
 Fireball                 Conj/Fire      #.........   100%        5    ######.
 Beastly Appendage        Tmut           Unusable     N/A         1    N/A
 Spider Form              Tmut/Pois      Unusable     N/A         3    N/A
 Ice Form                 Ice/Tmut       Unusable     N/A         4    N/A
 Blade Hands              Tmut           Unusable     N/A         5    N/A

Dungeon Overview and Level Annotations

Branches:
Dungeon (4/15)
 Temple: D:4-7

Altars:


Innate Abilities, Weirdness & Mutations

Your body is rotting away.
You thrive on raw meat.
You are immune to poison.
You have sharp fingernails.
You are carnivorous and can eat meat at any time.
Your flesh is cold resistant. (rC+)
You are immune to negative energy. (rN+++)
You do not regenerate when monsters are visible.
You are immune to unholy pain and torment.
You can survive without breathing.


Message History

The orc wizard blinks!
You hit the ogre.
The ogre is moderately wounded.
The ogre hits you with a cursed -1 giant spiked club!
* * * LOW HITPOINT WARNING * * *
The orc priest calls upon Beogh to heal the orc wizard.
The orc wizard's wounds heal themselves!
The orc wizard mumbles some strange words.
The orc wizard blinks!
It was a potion of degeneration.
There was something very wrong with that liquid.
You feel weakened.
You feel dopey.
You feel clumsy.
The ogre hits you with a cursed -1 giant spiked club.
* * * LOW HITPOINT WARNING * * *
It was a potion of flight.
You feel very buoyant.
You fly up into the air.
The orc priest calls down the wrath of Beogh upon you.
Beogh smites you!
You die...

#### ##########
#.............# #....
........# ##+##### #....
........# .......#
#...###.......# .......#
#.+...'@#.......##### .......#
#.#...#O#.#+# .....
#....#####.#....o....###......
##+#.......+..................
##.#.......#..÷..#.#o.[.......
....>.........................
....#.####...........###......
...................### ......
.####..###..######## ......


You could see an ogre and an orc priest.

Vanquished Creatures
  Grinder (D:3)
  An ice beast (D:4)
  An ogre (D:4)
  Crazy Yiuf (D:2)
  4 orc wizards (D:4)
  3 worker ants (D:4)
  Jessica (D:2)
  Robin (D:2)
  4 adders
  An ooze (D:4)
  3 worms
  2 dart slugs
  4 leopard geckos
  3 orcs (D:4)
  A giant cockroach (D:1)
  17 goblins
  10 hobgoblins
  A ball python (D:1)
  7 bats
  8 frilled lizards
  9 kobolds
  6 rats
89 creatures vanquished.

Notes
Turn   | Place    | Note
-------+----------+-------------------------------------------
     0 | D:1      | Borgoz the Ghoul Monk began the quest for the Orb.
     0 | D:1      | Reached XP level 1. HP: 19/19 MP: 0/0
   198 | D:1      | Reached XP level 2. HP: 18/26 MP: 1/1
   768 | D:2      | Reached XP level 3. HP: 26/31 MP: 2/2
   896 | D:2      | Noticed Jessica
   909 | D:2      | Reached skill level 1 in Armour
   936 | D:2      | Killed Jessica
   936 | D:2      | Reached XP level 4. HP: 36/40 MP: 3/3
  1021 | D:2      | Noticed Robin
  1075 | D:2      | Killed Robin
  1450 | D:2      | Found a runed translucent door.
  1451 | D:2      | Noticed Crazy Yiuf
  1753 | D:2      | Killed Crazy Yiuf
  1753 | D:2      | Reached skill level 4 in Fighting
  1753 | D:2      | Reached XP level 5. HP: 16/46 MP: 0/4
  2561 | D:3      | Noticed Grinder
  2569 | D:3      | Paralysed by Grinder for 7 turns
  2584 | D:3      | Killed Grinder
  2584 | D:3      | Reached XP level 6. HP: 29/53 MP: 5/5
  2937 | D:4      | Reached XP level 7. HP: 21/60 MP: 6/6
  3175 | D:4      | Reached skill level 5 in Fighting
  3351 | D:4      | Killed from afar by an orc priest

Skill      XL: |  1  2  3  4  5  6  7 |
---------------+----------------------+-----
Short Blades   | 3 4 |  4.2
Armour         | 1 2 3 |  3.0
Dodging        | 3 4 |  4.3
Stealth        | 3 4 |  4.9
Fighting       | 4 5 |  5.2

Action                   |  1- 3 |  4- 6 |  7- 9 || total
-------------------------+-------+-------+-------++-------
Melee: Short sword       |   133 |   176 |       ||   309
       Rapier            |       |    12 |    56 ||    68
       Dagger            |       |     7 |       ||     7
  Use: Potion            |       |     5 |     2 ||     7
       Scroll            |       |     2 |       ||     2
 Stab: Sleeping          |     2 |     5 |     2 ||     9
       Distracted        |       |     1 |       ||     1
  Eat: Chunk             |     8 |     7 |     3 ||    18
Armor: Robe              |    10 |       |       ||    10
       Ring mail         |    25 |    63 |       ||    88
       Shadow dragon sca |       |    20 |    43 ||    63
Dodge: Dodged            |    73 |   103 |    16 ||   192
